 Dungeon Crawl Stone Soup version 0.29-a0-559-g359e09b9d1 (webtiles) character file.

Game seed: 15108857783623975836

392 valliere the Shield-Bearer (level 6, -2/53 HPs)
             Began as a Gnoll Fighter on June 9, 2022.
             Was an Initiate of Ru.
             Slain by a goblin
             ... wielding a +0 club
             ... led by Robin
              (5 damage)
             ... on level 4 of the Dungeon.
             The game lasted 00:08:43 (2535 turns).

valliere the Shield-Bearer (Gnoll Fighter)          Turns: 2535, Time: 00:08:44

Health: -2/53      AC:  7    Str: 16 (17) XL:     6   Next: 81%
Magic:  9/9        EV: 10    Int:  4 (7)  God:    Ru [......]
Gold:   227        SH:  5    Dex:  9 (12) Spells: 9/9 levels left

rFire   + . .      SeeInvis .   t - +2 scythe (flame)
rCold   . . .      Faith    .   (shield currently unavailable)
rNeg    . . .      Spirit   .   b - +0 scale mail
rPois   .          Reflect  +   (no helmet)
rElec   .          Harm     .   (no cloak)
rCorr   .          Rampage  .   (no gloves)
Will    .....                   (no boots)
Stlth   ..........              h - amulet of reflection
HPRegen 0.17/turn               g - ring of wizardry
MPRegen 0.11/turn               r - ring of protection from fire

@: attractive
A: fangs 1, strong nose, distributed training
a: Renounce Religion, Sacrifice Words, Sacrifice Drink, Sacrifice an Eye, Reject
Sacrifices


You were on level 4 of the Dungeon.
You worshipped Ru.
Ru was noncommittal.
You visited 1 branch of the dungeon, and saw 4 of its levels.

You collected 227 gold pieces.

Inventory:

Hand Weapons
 a - a +0 flail
 t - a +2 scythe of flaming (weapon)
Armour
 b - a +0 scale mail (worn)
 c - a +0 buckler
Jewellery
 g - a ring of wizardry (left hand)
 h - an amulet of reflection (around neck)
 r - a ring of protection from fire (right hand)
Wands
 v - a wand of iceblast (7)
Scrolls
 e - a scroll of torment {unknown}
 f - a scroll of fog {unknown}
 k - 2 scrolls of teleportation {unknown}
 m - a scroll of amnesia {unknown}
 n - a scroll of poison {unknown}
 o - 3 scrolls of identify {unknown}
 q - 2 scrolls of vulnerability {unknown}
Potions
 d - 2 potions of might
 i - a potion of mutation {unknown}
 j - a potion of lignification {unknown}
 l - a potion of attraction
 p - a potion of degeneration
 s - a potion of heal wounds {unknown}
 u - a potion of flight {unknown}


   Skills:
 + Level 6.9 Fighting
 + Level 2.1 Short Blades
 + Level 2.1 Long Blades
 + Level 2.1 Axes
 + Level 5.0 Maces & Flails
 + Level 2.1 Polearms
 + Level 2.1 Staves
 + Level 2.1 Slings
 + Level 2.1 Bows
 + Level 2.1 Crossbows
 + Level 2.1 Throwing
 + Level 6.9 Armour
 + Level 2.1 Dodging
 + Level 2.1 Stealth
 + Level 6.9 Shields
 + Level 2.1 Unarmed Combat
 + Level 2.1 Spellcasting
 + Level 1.6 Conjurations
 + Level 1.6 Hexes
 + Level 1.6 Summonings
 + Level 1.6 Necromancy
 + Level 1.6 Translocations
 + Level 1.6 Transmutations
 + Level 1.6 Fire Magic
 + Level 1.6 Ice Magic
 + Level 1.6 Air Magic
 + Level 1.6 Earth Magic
 + Level 1.6 Poison Magic
 + Level 2.3 Invocations
 + Level 2.1 Evocations


You had 9 spell levels left.
You didn't know any spells.
Your spell library contained the following spells:

 Spells                   Type           Power      Damage    Failure   Level
 Apportation              Tloc           2%         N/A       28%         1
 Necrotize                Necr           4%         1d4       28%         1
 Summon Small Mammal      Summ           4%         N/A       28%         1


Dungeon Overview and Level Annotations

Branches:
Dungeon (4/15)
 Temple: D:4-7

Altars:
Gozag
Hepliaklqana
Makhleb
Ru
The Shining One

Annotations:
D:4 Robin


Innate Abilities, Weirdness & Mutations

You have very sharp teeth.
Your uncanny sense of smell can sniff out nearby items.
Your experience applies equally to all skills.


Message History

* * * LOW HITPOINT WARNING * * *
You slash the goblin! You burn the goblin.
You kill the goblin!
The goblin hits you with a +0 dagger.
* * * LOW HITPOINT WARNING * * *
The goblin hits you but does no damage. The goblin misses you.
The goblin hits you but does no damage. Robin throws the goblin at you!
You slash the goblin! You burn the goblin.
You kill the goblin!
The goblin hits you but does no damage. The goblin barely misses you.
Robin's bangles clink loudly.
The goblin hits you but does no damage. The goblin barely misses you.
You miss the goblin. You bite the goblin.
The goblin is heavily wounded.
The goblin hits you but does no damage. You block the goblin's attack. x2
The goblin hits you but does no damage.
You miss the goblin.
The goblin is heavily wounded.
You block the goblin's attack. The goblin hits you with a +0 club.
* * * LOW HITPOINT WARNING * * *
You hit the goblin. You burn the goblin.
You kill the goblin!
The goblin no longer looks unusually strong.
The hobgoblin no longer looks unusually strong. x2
The goblin no longer looks unusually strong.
The hobgoblin no longer looks unusually strong.
The goblin closely misses you.
Robin roars a battlecry!
The goblins go into a battle-frenzy!
The goblin hits you but does no damage.
It was a potion of attraction.
You feel attractive to monsters. The goblin hits you with a +0 club.
* * * LOW HITPOINT WARNING * * *
Robin's horned helmet rattles.
It was a potion of degeneration.
There was something very wrong with that liquid.
You feel weakened.
You feel dopey.
You feel clumsy. The goblin hits you with a +0 club.
You die...

#...##..# #...##.##
##....## ##...# #...#
##...# #<.### ..g#######
##.## ###
.gggggg@)###..# ####..
..######)....######.....
#####.##.........
##...........
#.....##....
#...######## ##.## #.#
#.#


You could see Robin, 3 hobgoblins and 3 goblins.

Vanquished Creatures
  Sigmund (D:3)
  A howler monkey (D:3)
  A jelly (D:4)
  Jessica (D:2)
  Natasha (twice) (D:2)
  2 adders (D:2)
  A worm (D:2)
  3 dart slugs
  An orc (D:3)
  2 ball pythons
  4 endoplasms
  4 giant cockroaches
  11 goblins
  5 hobgoblins
  2 quokkas
  5 bats (D:1)
  2 frilled lizards (D:2)
  8 kobolds
  3 rats
59 creatures vanquished.

Notes
Turn   | Place    | Note
-------+----------+-------------------------------------------
     0 | D:1      | valliere the Gnoll Fighter began the quest for the Orb.
     0 | D:1      | Reached XP level 1. HP: 23/23 MP: 1/1
   132 | D:1      | Found a faded altar of an unknown god.
   147 | D:1      | Prayed at the altar of an unknown god.
   147 | D:1      | Became a worshipper of Ru the Awakened
   267 | D:1      | Reached XP level 2. HP: 29/29 MP: 2/2
   849 | D:2      | Reached XP level 3. HP: 35/35 MP: 3/3
   871 | D:2      | Noticed Jessica
   880 | D:2      | Killed Jessica
   881 | D:2      | Reached skill level 1 in Short Blades
   881 | D:2      | Reached skill level 1 in Long Blades
   881 | D:2      | Reached skill level 1 in Axes
   881 | D:2      | Reached skill level 1 in Polearms
   881 | D:2      | Reached skill level 1 in Staves
   881 | D:2      | Reached skill level 1 in Slings
   881 | D:2      | Reached skill level 1 in Bows
   881 | D:2      | Reached skill level 1 in Crossbows
   881 | D:2      | Reached skill level 1 in Throwing
   881 | D:2      | Reached skill level 1 in Dodging
   881 | D:2      | Reached skill level 1 in Stealth
   881 | D:2      | Reached skill level 1 in Unarmed Combat
   881 | D:2      | Reached skill level 1 in Spellcasting
   881 | D:2      | Reached skill level 1 in Invocations
   881 | D:2      | Reached skill level 1 in Evocations
   927 | D:2      | Reached XP level 4. HP: 39/41 MP: 5/5
  1111 | D:2      | Noticed Natasha
  1121 | D:2      | Killed Natasha
  1122 | D:2      | Reached skill level 1 in Conjurations
  1122 | D:2      | Reached skill level 1 in Hexes
  1122 | D:2      | Reached skill level 1 in Summonings
  1122 | D:2      | Reached skill level 1 in Necromancy
  1122 | D:2      | Reached skill level 1 in Translocations
  1122 | D:2      | Reached skill level 1 in Transmutations
  1122 | D:2      | Reached skill level 1 in Fire Magic
  1122 | D:2      | Reached skill level 1 in Ice Magic
  1122 | D:2      | Reached skill level 1 in Air Magic
  1122 | D:2      | Reached skill level 1 in Earth Magic
  1122 | D:2      | Reached skill level 1 in Poison Magic
  1257 | D:2      | Found an opulent altar of Gozag.
  1268 | D:2      | Noticed Natasha
  1278 | D:2      | Killed Natasha
  1279 | D:2      | Reached XP level 5. HP: 29/47 MP: 5/7
  1855 | D:3      | Found a burning altar of Makhleb.
  1936 | D:3      | Noticed Sigmund
  1952 | D:3      | Killed Sigmund
  1953 | D:3      | Reached skill level 5 in Maces & Flails
  1953 | D:3      | Reached XP level 6. HP: 45/53 MP: 7/9
  2218 | D:3      | Found a hazy altar of Hepliaklqana.
  2259 | D:3      | Found a glowing golden altar of the Shining One.
  2514 | D:4      | Noticed Robin
  2535 | D:4      | Slain by a goblin

Illustrated notes

Levels and vault maps discovered:
D:1:      evilmike_arrival_fibonacci_small, layout_basic,
          ebering_ecumenical_altar_ruins, minivault_5
D:2:      layout_basic, basic_altar, lemuel_flame_loot_1, uniq_natasha,
          uniq_jessica
D:3:      layout_loops_cross, nzn_hepliaklqana_mist_gate, amcnicky_altar_gilded,
          general_overflow_altar, uniq_sigmund
D:4:      layout_cave_pods, gammafunk_temple_overflow_forgotten,
          minmay_temple_entry_wispy, uniq_robin

Skill      XL: |  1  2  3  4  5 |
---------------+----------------+-----
Short Blades   | 1 2 |  2.1
Long Blades    | 1 2 |  2.1
Axes           | 1 2 |  2.1
Polearms       | 1 2 |  2.1
Staves         | 1 2 |  2.1
Slings         | 1 2 |  2.1
Bows           | 1 2 |  2.1
Crossbows      | 1 2 |  2.1
Throwing       | 1 2 |  2.1
Dodging        | 1 2 |  2.1
Stealth        | 1 2 |  2.1
Unarmed Combat | 1 2 |  2.1
Spellcasting   | 1 2 |  2.1
Invocations    | 1 2 |  2.3
Evocations     | 1 2 |  2.1
Conjurations   | 1 |  1.6
Hexes          | 1 |  1.6
Summonings     | 1 |  1.6
Necromancy     | 1 |  1.6
Translocations | 1 |  1.6
Transmutations | 1 |  1.6
Fire Magic     | 1 |  1.6
Ice Magic      | 1 |  1.6
Air Magic      | 1 |  1.6
Earth Magic    | 1 |  1.6
Poison Magic   | 1 |  1.6
Maces & Flails | 5 |  5.0
Fighting       | |  6.9
Armour         | |  6.9
Shields        | |  6.9

Action                   |  1- 3 |  4- 6 || total
-------------------------+-------+-------++-------
Melee: Flail             |    58 |    88 ||   146
       Bite              |     3 |    11 ||    14
       Scythe            |       |    29 ||    29
  Use: Potion            |       |     2 ||     2
Armor: Scale mail        |    22 |    71 ||    93
Dodge: Dodged            |    24 |    69 ||    93
Block: Buckler           |    14 |    29 ||    43
       Other             |       |    15 ||    15

Table legend: (Time is in decaauts)
 A = Elapsed time spent in this place.
 B = Non-inter-level travel time spent in this place.
 C = Inter-level travel time spent in this place.
 D = Time resting spent in this place.
 E = Time spent auto-exploring this place.
 F = Levels seen in this place.
 G = Mean time per level.
                   A        B        C        D        E       F      G
               +--------+--------+--------+--------+--------+-----+--------+
         Total |   2588 |   2493 |     95 |      0 |   1974 |   4 |  647.0 |
       Dungeon |   2588 |   2493 |     95 |      0 |   1974 |   4 |  647.0 |
               +--------+--------+--------+--------+--------+-----+--------+

Top non-repeatable levels by time:
     D:1: 854 daAuts
     D:2: 824 daAuts
     D:3: 758 daAuts
     D:4: 151 daAuts
